 Dungeon Crawl Stone Soup version 0.21.1-1-g345015fe64 (webtiles) character file.

1437 Kohma the Blocker (level 8, 0/64 HPs)
             Began as a Minotaur Fighter on June 22, 2018.
             Was an Initiate of Trog.
             Slain by a yak (6 damage)
             ... on level 5 of the Dungeon.
             The game lasted 00:14:16 (4771 turns).

Kohma the Blocker (Minotaur Fighter)                Turns: 4771, Time: 00:14:16

Health: 0/64       AC:  8    Str: 20    XL:     8   Next: 45%
Magic:  7/7        EV: 13    Int:  5    God:    Trog [......]
Gold:   328        SH: 12    Dex: 18    Spells: 7/7 levels left

rFire    . . .     SeeInvis .   a - +0 long sword
rCold    . . .     Gourm    .   c - +0 shield
rNeg     . . .     Faith    .   b - +0 scale mail
rPois    .         Spirit   .   C - +2 hat
rElec    .         Reflect  .   (no cloak)
rCorr    .         Harm     .   (no gloves)
MR       +....                  (no boots)
Stlth    +.........             (no amulet)
HPRegen  0.20/turn              H - ring of protection from magic
MPRegen  0.10/turn              w - ring of flight

@: agile
A: retaliatory headbutt, horns 2
a: Burn Spellbooks, Renounce Religion, Evoke Flight


You were on level 5 of the Dungeon.
You worshipped Trog.
Trog was noncommittal.
You were not hungry.

You visited 1 branch of the dungeon, and saw 6 of its levels.

You collected 328 gold pieces.

Inventory:

Hand Weapons
 a - a +0 long sword (weapon)
 q - a cursed -3 fustibalus
 u - a +0 hunting sling of flaming
Missiles
 k - 4 javelins (quivered)
 n - a throwing net
 t - 227 stones
Armour
 b - a +0 scale mail (worn)
 c - a +0 shield (worn)
 C - a +2 hat (worn)
Jewellery
 w - a ring of flight (right hand)
 H - a ring of protection from magic (left hand)
Scrolls
 h - a scroll of amnesia
 A - 3 scrolls of remove curse
Potions
 e - a potion of invisibility
 g - a potion of brilliance {unknown}
 i - a potion of curing {unknown}
 m - 2 potions of resistance
 p - a potion of flight {unknown}
 B - 2 potions of agility
 E - a potion of degeneration {unknown}
 F - a potion of ambrosia {unknown}
 G - a potion of haste {unknown}
Comestibles
 f - 8 rations


   Skills:
 - Level 3.6 Fighting
 * Level 9.2 Long Blades
 - Level 3.6 Armour
 * Level 9.6 Shields


You had 7 spell levels left.
You didn't know any spells.

Dungeon Overview and Level Annotations

Branches:
Dungeon (6/15)
 Temple: D:4-7

Altars:
Elyvilon
Nemelex Xobeh
Okawaru
Trog

Shops:
D:4 :


Innate Abilities, Weirdness & Mutations

You reflexively headbutt those who attack you in melee.
You have a pair of horns on your head.


Message History

* * * LOW HITPOINT WARNING * * *
You feel agile all of a sudden. You block the yak's attack.
You see here a giant spiked club.
You see here 8 poisoned needles.
You hit the yak. You headbutt the yak!
The yak is heavily wounded.
The yak gores you!
* * * LOW HITPOINT WARNING * * *
You hit the yak.
The yak is heavily wounded.
You block the yak's attack.
You closely miss the yak.
The yak is heavily wounded.
You hit the yak but do no damage. Your headbutt misses the yak.
The yak is heavily wounded.
The yak gores you!
* * * LOW HITPOINT WARNING * * *
The yak gores you.
You die...

*,** #.## *,,*
#.# **,* #.#
*,** #.# *,,*
#.# **,** #.#
*,,* #.# **,*
#.## *,** #@.#
*,,* ##Y#
**********,**
#.# ,,,,,,,*
*,,* #Y#
******,****,**
#Y# *,,,,,..#
#.#
**********##.##
#.#
*,,,,,,,,,....#
#.#
*,,,,,,,,,,...*
#.#


You could see 3 yaks.

Vanquished Creatures
  Grinder (D:5)
  2 yaks (D:5)
  Menkaure (D:5)
  A water moccasin (D:5)
  An ogre (D:5)
  A centaur (D:5)
  A bullfrog (D:6)
  A scorpion (D:5)
  3 hounds (D:4)
  A bullfrog skeleton (D:6)
  An iguana (D:4)
  3 worker ants
  A hound skeleton (D:4)
  Robin (D:2)
  4 gnolls (D:5)
  6 adders
  3 oozes
  2 adder skeletons
  3 worms
  A dart slug (D:3)
  4 leopard geckos
  2 orcs
  A ball python (D:2)
  4 giant cockroaches
  15 goblins
  8 hobgoblins
  5 jackals
  4 bats
  4 frilled lizards
  5 kobolds
  2 leopard gecko skeletons (D:4)
  7 rats
99 creatures vanquished.

Notes
Turn   | Place    | Note
-------+----------+-------------------------------------------
     0 | D:1      | Kohma the Minotaur Fighter began the quest for the Orb.
     0 | D:1      | Reached XP level 1. HP: 19/19 MP: 0/0
   149 | D:1      | Reached XP level 2. HP: 26/26 MP: 1/1
   852 | D:2      | Reached XP level 3. HP: 14/31 MP: 2/2
  1172 | D:2      | Noticed Robin
  1196 | D:2      | Killed Robin
  1196 | D:2      | Reached skill level 5 in Shields
  1196 | D:2      | Reached XP level 4. HP: 34/39 MP: 3/3
  1828 | D:3      | Found a bloodstained altar of Trog.
  1839 | D:3      | Became a worshipper of Trog the Wrathful
  1879 | D:3      | Reached XP level 5. HP: 45/45 MP: 4/4
  1923 | D:3      | Found a sparkling altar of Nemelex Xobeh.
  2070 | D:3      | Found an iron altar of Okawaru.
  2464 | D:4      | Reached skill level 5 in Long Blades
  2963 | D:4      | Found Muubbila's Book Boutique.
  2993 | D:4      | Reached XP level 6. HP: 37/51 MP: 5/5
  3114 | D:4      | Found a white marble altar of Elyvilon.
  3400 | D:5      | Entered Level 5 of the Dungeon
  3881 | D:5      | Noticed a water moccasin
  3894 | D:5      | Killed a water moccasin
  3894 | D:5      | Reached XP level 7. HP: 36/57 MP: 6/6
  4330 | D:5      | Noticed Menkaure
  4339 | D:5      | Killed Menkaure
  4363 | D:5      | Noticed Grinder
  4391 | D:5      | Paralysed by Grinder for 4 turns
  4400 | D:5      | Killed Grinder
  4400 | D:5      | Reached XP level 8. HP: 27/64 MP: 7/7
  4771 | D:5      | Slain by a yak

Skill      XL: |  1  2  3  4  5  6  7  8 |
---------------+-------------------------+-----
Shields        | 4 5 6 7 8 9 |  9.6
Long Blades    | 3 4 5 6 8 9 |  9.2
Fighting       | |  3.6
Armour         | |  3.6

Action                   |  1- 3 |  4- 6 |  7- 9 || total
-------------------------+-------+-------+-------++-------
Melee: Long sword        |   101 |   157 |    71 ||   329
       Headbutt          |    17 |    30 |    20 ||    67
Throw: Javelin           |       |       |     2 ||     2
  Use: Scroll            |       |    11 |     6 ||    17
       Potion            |       |     2 |     3 ||     5
  Eat: Chunk             |     1 |     5 |       ||     6
       Ration            |       |     1 |     2 ||     3
Armor: Scale mail        |    37 |    67 |    10 ||   114
Dodge: Dodged            |    29 |    44 |    23 ||    96
Block: Shield            |    53 |    83 |    31 ||   167
       Rpst.: Long sword |     3 |    19 |     8 ||    30
